[Event "Titled Tuesday Blitz January 03 Early 2023"]
[White "Guliev, Logman"]
[Black "De La Colina, Nicolas"]
[WhiteFideId "13400061"]
[BlackFideId "30946921"]
[WhiteElo "2250"]
[BlackElo "2244"]
[Result "1/2-1/2"]
[Round "03"]
[TimeControl "180+2"]
[Date "2023.01.03"]
[WhiteClock "0:00:13"]
[BlackClock "0:00:16"]

1. e3 g6 2. d4 Bg7 3. c4 Nf6 4. Nc3 O-O 5. Bd3 c5 6. Nge2 cxd4 7. exd4 d5 8. O-O Nc6 9. Bg5 dxc4 10. Bxc4 b6 11. Qa4 Bb7 12. Rad1 a6 13. Bd3 b5 14. Qb3 Na5 15. Qc2 Rc8 16. Qb1 Nc4 17. Rfe1 Re8 18. Ng3 Nd6 19. h4 Qd7 20. h5 Qg4 21. Bxf6 Bxf6 22. hxg6 hxg6 23. Nce4 Bxd4 24. Be2 Bxe4 25. Nxe4 Qxe4 26. Qxe4 Nxe4 27. Rxd4 Nd6 28. a4 Rc2 29. Bd3 Rc6 30. axb5 axb5 31. Rd5 Rb6 32. b4 Kf8 33. Rc5 Rc8 34. Rec1 Rcb8 35. g3 Kg7 36. Kg2 Kf6 37. Kf3 Ra8 38. R1c3 Ra4 39. Rb3 Ra2 40. Rd5 e6 41. Rc5 Rd2 42. Ke3 Ra2 43. Kf3 Ke7 44. Rc7+ Kf6 45. Rc5 1/2-1/2


[Site "https://www.chess.com"]

[Event "Titled Tuesday Blitz January 03 Early 2023"]
[White "Kaplan, Avi Harrison"]
[Black "Karttunen, Mika"]
[WhiteFideId "30934559"]
[BlackFideId "502081"]
[WhiteElo "2146"]
[BlackElo "2490"]
[Result "0-1"]
[Round "03"]
[TimeControl "180+2"]
[Date "2023.01.03"]
[WhiteClock "0:00:01"]
[BlackClock "0:00:10"]

1. e4 e5 2. c4 Nc6 3. Nc3 Bc5 4. g3 d6 5. Bg2 h5 6. h3 h4 7. g4 Nge7 8. Nge2 g5 9. d3 Ng6 10. Be3 Nf4 11. Nxf4 gxf4 12. Bd2 a6 13. Nd5 Nd4 14. O-O c6 15. Nc3 b5 16. cxb5 axb5 17. Re1 Be6 18. a3 Bb3 19. Qc1 Qb6 20. Rf1 f3 21. Bh1 Ne2+ 22. Nxe2 fxe2 23. Re1 Bxf2+ 24. Kg2 Bd1 25. Rxd1 exd1=Q 26. Qxd1 Bd4 27. Qf3 Bxb2 28. Qf6 Rg8 29. Rf1 Qc7 30. Rb1 Bd4 31. Bb4 Qe7 32. Qf3 Kd7 33. Kh2 Qe6 34. Qe2 c5 35. Bd2 Rxa3 36. Rxb5 Ra2 37. Qd1 Bc3 38. Bg2 Bxd2 39. Rb7+ Kc6 40. Qb1 Bb4 41. Re7 Qxe7 42. Qxa2 Kb6 43. d4 exd4 44. e5 Qxe5+ 45. Kh1 Qe1+ 46. Kh2 Qg3+ 47. Kh1 Re8 48. Bf1 Qf3+ 49. Kg1 Qa3 50. Qc4 d3 51. Qxf7 Re1 0-1


[Site "https://www.chess.com"]

[Event "Titled Tuesday Blitz January 03 Early 2023"]
[White "Ljukin, Sergei"]
[Black "Jakubowski, Krzysztof"]
[WhiteFideId "14102200"]
[BlackFideId "1112848"]
[WhiteElo "2362"]
[BlackElo "2486"]
[Result "0-1"]
[Round "03"]
[TimeControl "180+2"]
[Date "2023.01.03"]
[WhiteClock "0:01:04"]
[BlackClock "0:01:51"]

1. e4 c5 2. Nf3 d6 3. d4 cxd4 4. Nxd4 Nf6 5. Nc3 a6 6. Bg5 e6 7. f4 h6 8. Bh4 Qb6 9. a3 Nbd7 10. Bf2 Qc7 11. Qe2 b5 12. O-O-O Be7 13. g4 Rb8 14. h4 b4 15. axb4 Rxb4 16. g5 hxg5 17. fxg5 Nh5 18. g6 Ne5 19. gxf7+ Kxf7 20. Bh3 Nf4 21. Qf1 Bf6 22. Bg3 Nxh3 23. Rxh3 Nc4 24. e5 dxe5 25. Nb3 Ne3 26. Qe2 Nxd1 27. Qxd1 Bb7 28. Rh2 Bc6 29. Rf2 Qe7 30. Bxe5 Rbxh4 31. Bd6 Qd8 32. Rf1 Rh1 0-1


[Site "https://www.chess.com"]

[Event "Titled Tuesday Blitz January 03 Early 2023"]
[White "Goroshkov, Maksym"]
[Black "Goncalves, Davi Sulzbacher"]
[WhiteFideId "14142716"]
[BlackFideId "2154510"]
[WhiteElo "2287"]
[BlackElo "2282"]
[Result "0-1"]
[Round "03"]
[TimeControl "180+2"]
[Date "2023.01.03"]
[WhiteClock "0:00:31"]
[BlackClock "0:00:20"]

1. e4 c5 2. d4 cxd4 3. c3 Nf6 4. e5 Nd5 5. Bc4 Nb6 6. Bb3 d6 7. exd6 e6 8. cxd4 Bxd6 9. Nf3 O-O 10. O-O Nc6 11. Nc3 Ne7 12. Bg5 h6 13. Bh4 Nbd5 14. Nxd5 exd5 15. Re1 Be6 16. Ne5 Qb6 17. Rc1 Bxe5 18. Bxe7 Bxd4 19. Rxe6 Bxf2+ 20. Kh1 fxe6 21. Bxf8 Rxf8 22. Qg4 Qe3 23. Rf1 Rf4 24. Qd1 Rh4 25. Qf3 Qxf3 26. gxf3 Bg3 27. h3 Kf7 28. Kg2 Be5 29. Rc1 Rd4 30. Rc2 b5 31. a3 h5 32. Ba2 h4 33. b3 Rd1 34. a4 b4 35. Re2 Bd4 36. Rc2 Rg1+ 37. Kh2 Ra1 38. f4 Kf6 39. Kg2 g5 40. Kf3 Rf1+ 41. Ke2 Rf2+ 42. Kd3 Rxc2 43. Kxc2 gxf4 44. Kd3 e5 45. Bb1 Bc5 46. Bc2 e4+ 47. Ke2 Ke5 48. Kf1 d4 49. Bd1 d3 50. a5 f3 51. a6 Kf4 52. Ke1 e3 53. Kf1 Bd4 54. Ke1 Kg3 55. Kf1 e2+ 56. Ke1 Bc3# 0-1


[Site "https://www.chess.com"]

[Event "Titled Tuesday Blitz January 03 Early 2023"]
[White "Estrada Nieto, Julian"]
[Black "Sargsyan, Anna M."]
[WhiteFideId "5101018"]
[BlackFideId "13308130"]
[WhiteElo "2215"]
[BlackElo "2375"]
[Result "0-1"]
[Round "03"]
[TimeControl "180+2"]
[Date "2023.01.03"]
[WhiteClock "0:00:04"]
[BlackClock "0:00:20"]

1. e4 c6 2. d4 d5 3. Nc3 dxe4 4. Nxe4 Nd7 5. Ng5 Ngf6 6. Bd3 e5 7. Qe2 Be7 8. dxe5 Qa5+ 9. Bd2 Qxe5 10. O-O-O O-O 11. Re1 Qxe2 12. Rxe2 Bd6 13. N1f3 Nc5 14. Bc4 h6 15. Nh3 g5 16. Ne5 Nce4 17. Nxf7 Rxf7 18. Bxf7+ Kxf7 19. Rhe1 Nxd2 20. Rxd2 Bxh3 21. Rxd6 Bxg2 22. Ree6 Ne4 23. Rxh6 Nxd6 24. Rxd6 Re8 25. Kd2 Bd5 26. b3 Be6 27. c4 Ke7 28. Rd4 Rd8 29. Rxd8 Kxd8 30. Ke3 Ke7 31. f4 g4 32. Ke4 Kf6 33. Kd4 Kf5 34. Ke3 Bf7 35. c5 Bd5 0-1


[Site "https://www.chess.com"]

[Event "Titled Tuesday Blitz January 03 Early 2023"]
[White "djokovic74"]
[Black "Najdin, Danil"]
[BlackFideId "4172426"]
[WhiteElo "2575"]
[BlackElo "2235"]
[Result "1-0"]
[Round "03"]
[TimeControl "180+2"]
[Date "2023.01.03"]
[WhiteClock "0:00:46"]
[BlackClock "0:01:29"]

1. e4 g6 2. d4 c6 3. Nf3 d5 4. Nc3 Bg7 5. Be2 Nf6 6. e5 Ne4 7. Nxe4 dxe4 8. Ng5 c5 9. dxc5 Qa5+ 10. Bd2 Qxc5 11. Nxe4 Qxe5 12. Bc3 Qxe4 13. Bxg7 Rg8 14. Bc3 Qxg2 15. Bf3 Qg5 16. Qe2 Nc6 17. Rd1 Bd7 18. h4 Qf4 19. Bd2 Qa4 20. b3 Qxa2 21. Bc3 O-O-O 22. Ra1 Qxa1+ 23. Bxa1 Bf5 24. Bxc6 bxc6 25. Qa6+ Kb8 26. Be5+ Ka8 27. Qxc6# 1-0


[Site "https://www.chess.com"]

[Event "Titled Tuesday Blitz January 03 Early 2023"]
[White "Swayams, Mishra"]
[Black "Dzierzak, Radoslaw"]
[WhiteFideId "5028183"]
[BlackFideId "1161407"]
[WhiteElo "2489"]
[BlackElo "2220"]
[Result "0-1"]
[Round "03"]
[TimeControl "180+2"]
[Date "2023.01.03"]
[WhiteClock "0:00:01"]
[BlackClock "0:00:08"]

1. d4 Nf6 2. Nf3 e6 3. Bf4 c5 4. e3 cxd4 5. exd4 b6 6. Bd3 Bb7 7. O-O Be7 8. Nbd2 O-O 9. Qe2 d6 10. a4 a6 11. Rfe1 Nbd7 12. h3 Re8 13. Bh2 Nf8 14. a5 b5 15. c4 b4 16. Nb3 Bc6 17. c5 dxc5 18. dxc5 Qd5 19. Bc4 Qh5 20. Nfd4 Qxe2 21. Rxe2 Bd5 22. Rc1 Rec8 23. Bxd5 Nxd5 24. c6 Ng6 25. Rec2 Bg5 26. Rd1 Bf6 27. Bd6 Be7 28. Bxe7 Ngxe7 29. Rdc1 e5 30. Nf3 f6 31. Nfd2 Kf7 32. Ne4 Rc7 33. Nd6+ Ke6 34. Nb7 Nc8 35. N3c5+ Ke7 36. Na4 b3 37. Rc5 Nb4 38. Nb6 Rb8 39. R5c4 Nxb6 40. axb6 Rxc6 41. Rxc6 Nxc6 42. Rxc6 Rxb7 43. Kf1 Kd7 44. Rc4 Rxb6 45. Ke2 a5 46. Rc5 a4 47. Ra5 Rb4 48. Kd3 Kc6 49. Ra7 g6 50. Kc3 Rb5 51. Rxa4 Kd5 52. Ra7 f5 53. Rxh7 Ke4 54. Rd7 Rb6 55. Rd3 f4 56. f3+ Kf5 57. Kc4 g5 58. Rxb3 Rxb3 59. Kxb3 e4 60. fxe4+ Kxe4 61. Kc4 Ke3 62. b4 Kf2 63. b5 Kxg2 64. b6 f3 65. b7 f2 66. b8=Q f1=Q+ 67. Kd4 Qf2+ 68. Ke4 Qf3+ 69. Kd4 Qf4+ 70. Qxf4 gxf4 71. h4 f3 72. h5 f2 73. h6 f1=Q 74. Ke5 Qf7 75. h7 Qxh7 0-1


[Site "https://www.chess.com"]

[Event "Titled Tuesday Blitz January 03 Early 2023"]
[White "Vlassov, Nikolai"]
[Black "Lorenzo De La Riva, Lazaro"]
[WhiteFideId "4103360"]
[BlackFideId "2268809"]
[WhiteElo "2283"]
[BlackElo "2404"]
[Result "1-0"]
[Round "03"]
[TimeControl "180+2"]
[Date "2023.01.03"]
[WhiteClock "0:01:31"]
[BlackClock "0:00:12"]

1. e4 c5 2. c3 d5 3. exd5 Qxd5 4. d4 cxd4 5. cxd4 e5 6. Nf3 Nc6 7. Nc3 Bb4 8. Be2 exd4 9. O-O Qd8 10. Nb5 Nf6 11. Nfxd4 Nxd4 12. Qxd4 Qxd4 13. Nxd4 O-O 14. Bf3 Bc5 15. Be3 Bd7 16. Rac1 Bd6 17. Rfd1 Rfd8 18. Bxb7 Rab8 19. Nc6 Bxc6 20. Bxc6 Rxb2 21. a4 h6 22. Bxa7 Re2 23. a5 Ra2 24. Bb6 1-0


[Site "https://www.chess.com"]

[Event "Titled Tuesday Blitz January 03 Early 2023"]
[White "Ansh M Shah"]
[Black "Carnicelli, Valerio"]
[WhiteFideId "25033379"]
[BlackFideId "856185"]
[WhiteElo "2171"]
[BlackElo "2370"]
[Result "1-0"]
[Round "03"]
[TimeControl "180+2"]
[Date "2023.01.03"]
[WhiteClock "0:00:12"]
[BlackClock "0:00:11"]

1. d4 Nf6 2. c4 c5 3. d5 e6 4. Nc3 exd5 5. cxd5 d6 6. g3 g6 7. Bg2 Bg7 8. Nf3 O-O 9. Bf4 Nh5 10. Bg5 Qa5 11. O-O Re8 12. Qd2 b5 13. Ne4 Qxd2 14. Nfxd2 Bf8 15. Bf3 f5 16. Nxc5 dxc5 17. d6 Bd7 18. Bxa8 Nc6 19. Bxc6 Bxc6 20. Be3 Bxd6 21. Nb3 c4 22. Nd4 Bd7 23. Rfd1 Bf8 24. Nf3 Bc6 25. Kf1 Nf6 26. Bxa7 Ne4 27. Bd4 Bb7 28. Rac1 Ra8 29. a3 Re8 30. Be3 Nf6 31. Bg5 Ne4 32. Rd7 Bc6 33. Rc7 Ba8 34. Rd1 Bd6 35. Rd7 Nxg5 36. Nxg5 Be7 37. Nf3 Bf6 38. Ra7 Bxb2 39. Rdd7 Bf6 40. Rdc7 c3 41. Ne1 Be4 42. Nd3 Bd5 43. Nb4 Bc4 44. a4 Rxe2 45. Rxc4 Re8 46. Rcc7 bxa4 47. Nc2 h5 48. h4 Bh8 49. Rxa4 Rb8 50. Rac4 Bf6 51. Rxc3 Bxc3 52. Rxc3 Kg7 53. Rc7+ Kf6 54. Rc6+ Kf7 55. Rc4 Rb1+ 56. Kg2 Rb2 57. Ne3 Rb3 58. Rf4 Kf6 59. Nd5+ Ke5 60. Rf3 Rxf3 61. Kxf3 Kxd5 62. Kf4 Ke6 63. Kg5 Kf7 64. Kh6 Kf6 65. f4 Kf7 66. Kh7 Kf6 67. Kg8 Ke6 68. Kg7 Kd5 69. Kxg6 Ke4 70. Kxh5 Kf3 71. Kg5 Kxg3 72. h5 Kf3 73. h6 1-0


[Site "https://www.chess.com"]

[Event "Titled Tuesday Blitz January 03 Early 2023"]
[White "Golubovskis, Maksims"]
[Black "Guzman, Christopher"]
[WhiteFideId "11608528"]
[BlackFideId "6405096"]
[WhiteElo "2176"]
[BlackElo "2271"]
[Result "0-1"]
[Round "03"]
[TimeControl "180+2"]
[Date "2023.01.03"]
[WhiteClock "0:00:03"]
[BlackClock "0:00:38"]

1. d4 Nf6 2. c4 e6 3. Nc3 Bb4 4. e3 O-O 5. Bd3 b6 6. Ne2 Bb7 7. O-O Re8 8. a3 Bf8 9. e4 d6 10. Bg5 h6 11. Bh4 Be7 12. Bg3 Nh5 13. Qd2 Nxg3 14. hxg3 a5 15. f4 Nc6 16. d5 Nb8 17. Nd4 Bc8 18. Rae1 Bf6 19. e5 dxe5 20. fxe5 Bg5 21. Qf2 Qe7 22. d6 cxd6 23. exd6 Qd7 24. Ndb5 Na6 25. Qxb6 Bb7 26. Ne4 Reb8 27. Qd4 Bd8 28. Kh1 Bc6 29. Qe5 f6 30. Qh5 f5 31. Nec3 Nc5 32. Bc2 Bf6 33. g4 Ne4 34. Bxe4 fxe4 35. Nxe4 Bxe4 36. Rxe4 Rc8 37. Qg6 Qf7 38. Qxf7+ Kxf7 39. Rf2 Rc6 40. Nc7 Rc8 41. Nxe6 Rxd6 42. Nf4 Rdc6 43. b3 a4 0-1


[Site "https://www.chess.com"]

[Event "Titled Tuesday Blitz January 03 Early 2023"]
[White "Aldokhin, Ivan"]
[Black "Mazurkiewicz, Michal"]
[WhiteFideId "24115720"]
[BlackFideId "1124943"]
[WhiteElo "2413"]
[BlackElo "2145"]
[Result "1-0"]
[Round "03"]
[TimeControl "180+2"]
[Date "2023.01.03"]
[WhiteClock "0:00:05"]
[BlackClock "0:00:06"]

1. e4 d6 2. d4 Nf6 3. Nc3 c6 4. Bg5 Nbd7 5. Qd2 e5 6. f4 Be7 7. Nf3 h6 8. Bxf6 Bxf6 9. fxe5 dxe5 10. d5 O-O 11. O-O-O Nc5 12. Be2 Bg4 13. Kb1 Rc8 14. Qe3 Qb6 15. Rhf1 Na4 16. Qxb6 Nxc3+ 17. bxc3 axb6 18. Kb2 cxd5 19. Rxd5 Be6 20. Rb5 Rc6 21. Nxe5 Rc7 22. Rxf6 gxf6 23. Ng4 Bxg4 24. Bxg4 Rc6 25. Bf3 Rd6 26. e5 fxe5 27. Rxe5 Re6 28. Rd5 Kg7 29. Rd7 Rc8 30. Rxb7 Rc5 31. a4 h5 32. c4 Rf6 33. Kb3 h4 34. h3 Rg5 35. Kb4 Rg3 36. Bd5 Rg5 37. Kb5 Rf2 38. Kxb6 Rxc2 39. Rxf7+ Kg6 40. Rc7 Rb2+ 41. Kc6 Rc2 42. a5 Ra2 43. Ra7 Kf6 44. Kc5 Ke5 45. a6 Kf4 46. Ra8 Kg3 47. a7 Rg7 48. Rg8 Rxg8 49. Bxg8 Rxa7 50. Bd5 Rg7 51. Kd6 Kf4 52. c5 Rg6+ 53. Kd7 Rg3 54. c6 Rd3 55. Kd6 Rc3 56. c7 Ra3 57. Bc6 Ra8 58. Bxa8 Kg3 59. c8=Q Kh2 60. Qg4 Kh1 61. Qxh4 Kh2 62. Qf4+ Kh1 63. g4+ Kg1 64. Qg3+ Kf1 65. Qg2+ Ke1 66. Be4 1-0


[Site "https://www.chess.com"]

[Event "Titled Tuesday Blitz January 03 Early 2023"]
[White "Maksimenko, Viktor"]
[Black "Stepanencu, Nicodim-Cosmin"]
[WhiteFideId "13710478"]
[BlackFideId "1256220"]
[WhiteElo "2196"]
[BlackElo "2303"]
[Result "1/2-1/2"]
[Round "03"]
[TimeControl "180+2"]
[Date "2023.01.03"]
[WhiteClock "0:00:36"]
[BlackClock "0:00:01"]

1. d4 Nf6 2. Nf3 g6 3. c4 Bg7 4. Nc3 O-O 5. e4 d6 6. h3 e5 7. d5 Nh5 8. g3 a5 9. Be2 Na6 10. Be3 Nc5 11. Nd2 Nf6 12. g4 Nfd7 13. Qc2 a4 14. a3 Kh8 15. O-O-O Nb6 16. h4 f5 17. h5 f4 18. Bxc5 dxc5 19. hxg6 h6 20. g5 Qxg5 21. Rdg1 Qf6 22. Bg4 Bxg4 23. Rxg4 Nc8 24. f3 Nd6 25. Nxa4 b6 26. Nc3 Rfb8 27. Nb5 Ne8 28. Nb1 Bf8 29. N1c3 Kg7 30. Qh2 Kg8 31. g7 Bxg7 32. Qxh6 Qxh6 33. Rxh6 Rd8 34. Rhg6 Rd7 35. R6g5 Kf7 36. Rf5+ Bf6 37. Rh5 Ng7 38. Rh1 Rg8 39. Kc2 Ne8 40. Rh7+ Bg7 41. Rh1 Bf6 42. Rxg8 Kxg8 43. Na7 Rg7 44. Rf1 Rg2+ 45. Kb3 Bh4 46. Nc6 Bf6 47. Nb5 Kf7 48. Kc3 Kg6 49. b4 cxb4+ 50. axb4 Kh5 51. c5 bxc5 52. bxc5 Kh4 53. d6 cxd6 54. cxd6 Nxd6 55. Nxd6 Kg3 56. Nf5+ Kh2 57. Nb4 Bd8 58. Nd3 Ba5+ 59. Kb3 Bc7 60. Rf2 Kg1 61. Rc2 Rxc2 62. Kxc2 Kg2 63. Ne1+ Kf2 64. Kd1 Ba5 65. Nd3+ Kxf3 66. Nd6 Bc7 67. Nxe5+ Kg2 68. Nec4 f3 69. e5 f2 70. Ne3+ Kf3 71. Nf1 Kf4 72. Nc4 Bxe5 73. Ke2 Bd4 74. Kd3 Bc5 75. Kc3 Kf3 76. Ncd2+ Ke2 77. Kc4 Be7 78. Kc3 Bf6+ 79. Kc2 Bg5 80. Kc1 Bxd2+ 81. Nxd2 f1=Q+ 82. Nxf1 1/2-1/2


[Site "https://www.chess.com"]

[Event "Titled Tuesday Blitz January 03 Early 2023"]
[White "Maevsky, Nikolay"]
[Black "Buscar, Michael"]
[WhiteFideId "4198220"]
[BlackFideId "2603616"]
[WhiteElo "2277"]
[BlackElo "2041"]
[Result "1-0"]
[Round "03"]
[TimeControl "180+2"]
[Date "2023.01.03"]
[WhiteClock "0:00:34"]
[BlackClock "0:00:02"]

1. d4 d5 2. Nf3 Bg4 3. c4 e6 4. Bf4 Nd7 5. e3 Ngf6 6. Be2 Bd6 7. Bg3 O-O 8. Nc3 dxc4 9. Bxc4 Nb6 10. Be2 Nbd5 11. O-O Nxc3 12. bxc3 Bxg3 13. hxg3 c5 14. Rb1 cxd4 15. cxd4 Qd5 16. Qb3 b6 17. Bc4 Qh5 18. Ne5 Be2 19. Rfc1 Rfc8 20. Bxe6 Rxc1+ 21. Rxc1 fxe6 22. Qxe6+ Kf8 23. Rc7 Re8 24. Rf7+ Kg8 25. Re7+ Kf8 26. Rf7+ Kg8 27. Qb3 Bd1 28. Qc4 Be2 29. Qc7 Bb5 30. Rxg7+ Kf8 31. Rf7+ Kg8 32. f3 1-0


[Site "https://www.chess.com"]

[Event "Titled Tuesday Blitz January 03 Early 2023"]
[White "Gatterer, Florian"]
[Black "Atanasov, Anthony"]
[WhiteFideId "811688"]
[BlackFideId "2623897"]
[WhiteElo "2170"]
[BlackElo "2368"]
[Result "0-1"]
[Round "03"]
[TimeControl "180+2"]
[Date "2023.01.03"]
[WhiteClock "0:00:43"]
[BlackClock "0:00:22"]

1. Nf3 Nf6 2. c4 e6 3. Nc3 d5 4. d4 c5 5. cxd5 Nxd5 6. e4 Nxc3 7. bxc3 cxd4 8. cxd4 Bb4+ 9. Bd2 Bxd2+ 10. Qxd2 O-O 11. Bc4 b6 12. O-O Bb7 13. Rfe1 Nc6 14. Rad1 Rc8 15. Bd3 Nxd4 16. Ng5 h6 17. Nh3 Qh4 18. Nf4 Qg5 19. Qe3 Rfd8 20. g3 Rc3 21. e5 Nf3+ 22. Kf1 Nxh2+ 23. Ke2 Ba6 24. Bxa6 Qg4+ 25. f3 Rxe3+ 0-1


[Site "https://www.chess.com"]

[Event "Titled Tuesday Blitz January 03 Early 2023"]
[White "Real_taiatai"]
[Black "Cnejev, Vladimir-Alexandru"]
[BlackFideId "1260898"]
[WhiteElo "2390"]
[BlackElo "2374"]
[Result "0-1"]
[Round "03"]
[TimeControl "180+2"]
[Date "2023.01.03"]
[WhiteClock "0:00:28"]
[BlackClock "0:00:09"]

1. e4 e5 2. Nf3 Nc6 3. Bb5 a6 4. Ba4 b5 5. Bb3 Bb7 6. d4 d6 7. a4 Be7 8. O-O Nf6 9. Re1 Nxd4 10. Nxd4 exd4 11. c3 O-O 12. cxd4 Nxe4 13. Qd3 c5 14. axb5 axb5 15. Rxa8 Qxa8 16. Qxb5 Bf6 17. dxc5 Nxc5 18. f3 Ba6 19. Qb4 Rb8 20. Bd5 Qa7 21. Qd2 Nd3+ 22. Kh1 Nxe1 23. Qxe1 Qc5 24. Ba2 Rc8 25. Nc3 Bxc3 26. bxc3 Qxc3 27. Bd2 Qb2 28. Bd5 h6 29. h3 Qe5 30. Qe4 Qxe4 31. fxe4 Re8 32. Bf4 Rd8 33. Be3 Bc8 34. Bb6 Rd7 35. Bc6 Re7 36. Bd8 Re5 37. Bc7 Rc5 38. Bxd6 Rxc6 39. e5 Rc1+ 40. Kh2 Be6 41. Kg3 Rc2 42. Kf4 Rxg2 43. Kf3 Bxh3 44. e6 fxe6 45. Be5 Rg6 46. Bg3 Kf7 47. Bh4 Rf6+ 48. Bxf6 Kxf6 49. Kg3 Bf5 50. Kh4 g5+ 51. Kh5 g4 52. Kh4 Kg6 53. Kg3 h5 54. Kh4 e5 55. Kg3 Kg5 56. Kg2 h4 57. Kh2 Kf4 58. Kg2 g3 59. Kg1 h3 60. Kh1 Be4+ 61. Kg1 h2+ 62. Kf1 h1=Q+ 63. Ke2 Qf3+ 64. Ke1 g2 65. Kd2 Qe3+ 66. Kd1 g1=Q# 0-1


[Site "https://www.chess.com"]

[Event "Titled Tuesday Blitz January 03 Early 2023"]
[White "aidenzhouu"]
[Black "Christie, Joshua"]
[BlackFideId "7402074"]
[WhiteElo "2382"]
[BlackElo "2294"]
[Result "1/2-1/2"]
[Round "03"]
[TimeControl "180+2"]
[Date "2023.01.03"]
[WhiteClock "0:00:26"]
[BlackClock "0:00:14"]

1. d4 Nf6 2. c4 e6 3. Nf3 Bb4+ 4. Bd2 Qe7 5. g3 O-O 6. Bg2 Bxd2+ 7. Qxd2 d6 8. Nc3 Re8 9. O-O e5 10. e4 Bg4 11. Ne1 Nc6 12. Nc2 a5 13. Rae1 exd4 14. Nxd4 Nxd4 15. Qxd4 Qe5 16. Qxe5 dxe5 17. f3 Be6 18. Nd5 Rac8 19. b3 c6 20. Nxf6+ gxf6 21. Rd1 Rcd8 22. Kf2 c5 23. Rxd8 Rxd8 24. Ke2 Kf8 25. Rd1 Rd4 26. Rxd4 cxd4 27. Kd3 Ke7 28. a3 b5 29. f4 bxc4+ 30. bxc4 Kd6 31. f5 Bc8 32. Bf3 Bd7 33. Bh5 Be8 34. h4 h6 35. Bd1 Kc5 36. Bh5 Kb6 37. Bd1 a4 38. Bh5 Kc5 39. Bd1 Kd6 40. Bh5 Ke7 41. Bd1 Bc6 42. Bh5 Bb7 43. Bf3 Ba6 44. Bh5 Kf8 45. Bf3 Kg7 46. Bh5 Kf8 47. Bf3 Ke7 48. Bh5 Bb7 49. Bf3 Bc6 50. Bh5 Be8 51. Bg4 Kd6 52. Bh5 Kc5 53. Be2 Bd7 54. Bh5 Be8 1/2-1/2


[Site "https://www.chess.com"]

[Event "Titled Tuesday Blitz January 03 Early 2023"]
[White "Sanchez, Robert"]
[Black "Filgueira, Hernan"]
[WhiteFideId "2034360"]
[BlackFideId "101770"]
[WhiteElo "1966"]
[BlackElo "2283"]
[Result "1/2-1/2"]
[Round "03"]
[TimeControl "180+2"]
[Date "2023.01.03"]
[WhiteClock "0:00:07"]
[BlackClock "0:00:14"]

1. e4 c5 2. Nf3 e6 3. d4 cxd4 4. Nxd4 Nc6 5. Nc3 a6 6. Be3 Nf6 7. Be2 d6 8. O-O Be7 9. Nxc6 bxc6 10. a4 d5 11. e5 Nd7 12. f4 g6 13. Kh1 a5 14. Bd3 Ba6 15. Ne2 c5 16. Bb5 Bxb5 17. axb5 Qb6 18. c4 d4 19. Bd2 O-O 20. Ng3 f5 21. exf6 Nxf6 22. Re1 Rfe8 23. Qf3 Bf8 24. Ne4 Nxe4 25. Rxe4 a4 26. Rae1 Ra7 27. Re5 Bg7 28. Rg5 Rf7 29. Qd1 Qa7 30. Rg3 Bh6 31. Ra3 Bxf4 32. Rxa4 Qb7 33. Bxf4 Rxf4 34. Ra3 e5 35. Rf3 Re4 36. Ref1 Rg4 37. Rf8+ Rxf8 38. Rxf8+ Kxf8 39. Qxg4 e4 40. Qf4+ Kg8 41. Kg1 e3 42. Kf1 Qa7 43. Ke2 Qa5 44. Qb8+ Kf7 45. Qb7+ Ke8 46. Qc6+ Kd8 47. Qd5+ Ke8 48. Qc6+ Kf7 49. Qxc5 Qd2+ 50. Kf3 Qf2+ 51. Ke4 Qf5+ 52. Qxf5+ gxf5+ 53. Kd3 Ke7 54. c5 Kd7 55. b4 Kc7 56. g3 h5 57. h4 Kb7 58. b6 Kc6 59. b5+ Kb7 60. Ke2 Kc8 61. Kd3 Kb7 62. Ke2 Kc8 63. Kd3 Kb7 1/2-1/2


[Site "https://www.chess.com"]

[Event "Titled Tuesday Blitz January 03 Early 2023"]
[White "Ovezdurdyyeva, Jemal"]
[Black "Gascon Del Nogal, Jose Rafael"]
[WhiteFideId "14001888"]
[BlackFideId "3902463"]
[WhiteElo "2078"]
[BlackElo "2459"]
[Result "0-1"]
[Round "03"]
[TimeControl "180+2"]
[Date "2023.01.03"]
[WhiteClock "0:00:51"]
[BlackClock "0:00:44"]

1. e4 c5 2. Nf3 d6 3. d4 cxd4 4. Nxd4 Nf6 5. Nc3 Nc6 6. Be2 e5 7. Nb3 Be7 8. O-O O-O 9. Kh1 Be6 10. f4 exf4 11. Bxf4 Ne8 12. Nd5 Bg5 13. Bg3 Ne5 14. Nd4 Bxd5 15. exd5 g6 16. Qe1 Nf6 17. c4 Re8 18. Qb4 Be3 19. Nb5 Bc5 20. Qb3 Ne4 21. h3 a6 22. Na3 Nd2 23. Qxb7 Ra7 24. Qb6 0-1


[Site "https://www.chess.com"]

[Event "Titled Tuesday Blitz January 03 Early 2023"]
[White "Leschinsky, Gary"]
[Black "Tologon tegin, Semetei"]
[WhiteFideId "30951321"]
[BlackFideId "13800574"]
[WhiteElo "1969"]
[BlackElo "2372"]
[Result "1-0"]
[Round "03"]
[TimeControl "180+2"]
[Date "2023.01.03"]
[WhiteClock "0:00:06"]
[BlackClock "0:00:46"]

1. d4 Nf6 2. c4 e6 3. Nc3 Bb4 4. f3 c5 5. d5 exd5 6. cxd5 d6 7. e4 O-O 8. Bd3 Nbd7 9. Ne2 Re8 10. O-O Ne5 11. a3 Ba5 12. Ng3 c4 13. Be2 a6 14. a4 b5 15. axb5 axb5 16. Be3 Bd7 17. Qc2 h6 18. Nd1 Qc7 19. Kh1 Bb6 20. Rxa8 Rxa8 21. b3 Bxe3 22. Nxe3 c3 23. b4 Ra3 24. Rc1 Qa7 25. Ngf5 g6 26. Nxh6+ Kg7 27. Nhg4 Nfxg4 28. Nxg4 Bxg4 29. fxg4 Ra2 30. Qd1 Rd2 31. Qe1 Qe3 32. Bxb5 Qxe1+ 33. Rxe1 c2 34. Ba4 Rd1 35. Rxd1 cxd1=Q+ 36. Bxd1 Nd3 37. b5 Kf6 38. b6 Nc5 39. Ba4 Ke5 40. Bc6 Kxe4 41. b7 Na6 42. h3 Nb8 43. Kh2 Kd4 44. h4 Ke5 45. Kg3 Na6 46. h5 gxh5 47. gxh5 Kf6 48. Kf4 Nb8 49. g4 Na6 50. g5+ Kg7 51. Kf5 Nb8 52. h6+ Kh7 53. Kf6 Kh8 54. Ke7 Kh7 55. Kxf7 Kh8 56. g6 Nd7 57. g7+ Kh7 58. g8=Q+ 1-0


[Site "https://www.chess.com"]

[Event "Titled Tuesday Blitz January 03 Early 2023"]
[White "Gutkin, Ilya"]
[Black "Florescu, Codrut-Constantin"]
[WhiteFideId "16203470"]
[BlackFideId "1202200"]
[WhiteElo "2273"]
[BlackElo "2259"]
[Result "0-1"]
[Round "03"]
[TimeControl "180+2"]
[Date "2023.01.03"]
[WhiteClock "0:00:36"]
[BlackClock "0:02:24"]

1. Nf3 d5 2. g3 e6 3. Bg2 Nf6 4. d4 Be7 5. c4 O-O 6. Qc2 c6 7. O-O Nbd7 8. Nc3 b6 9. e4 Ba6 10. b3 dxc4 11. Rd1 b5 12. bxc4 bxc4 13. Qa4 Bb5 14. Nxb5 Nb6 15. Qa6 cxb5 16. Qxb5 Nxe4 17. Qa5 Nd5 18. Qxd8 Rfxd8 19. Ne5 Nec3 20. Re1 Rac8 21. Bd2 Nb5 22. a4 Nxd4 23. Ba5 Re8 24. Re4 Nb3 0-1


[Site "https://www.chess.com"]

[Event "Titled Tuesday Blitz January 03 Early 2023"]
[White "MKlose11"]
[Black "Silva Lucena, Cristian"]
[BlackFideId "2232588"]
[WhiteElo "2554"]
[BlackElo "2285"]
[Result "1-0"]
[Round "03"]
[TimeControl "180+2"]
[Date "2023.01.03"]
[WhiteClock "0:02:42"]
[BlackClock "0:02:38"]

1. e4 c5 2. Nc3 a6 3. g3 b5 4. Bg2 Bb7 5. Nh3 h5 6. d3 h4 7. g4 Nc6 8. O-O e6 9. f4 Nd4 10. Be3 b4 11. Ne2 Nxe2+ 12. Qxe2 Rc8 13. f5 Ne7 14. fxe6 dxe6 15. Ng5 1-0


[Site "https://www.chess.com"]

[Event "Titled Tuesday Blitz January 03 Early 2023"]
[White "Fiorito, Francisco"]
[Black "Perez Rodriguez, Jennifer"]
[WhiteFideId "180165"]
[BlackFideId "3507831"]
[WhiteElo "2305"]
[BlackElo "2242"]
[Result "0-1"]
[Round "03"]
[TimeControl "180+2"]
[Date "2023.01.03"]
[WhiteClock "0:00:13"]
[BlackClock "0:00:37"]

1. Nf3 d5 2. d4 Nf6 3. Bf4 c5 4. e3 Nc6 5. Be2 Bf5 6. O-O e6 7. c3 Qb6 8. Qc1 Rc8 9. dxc5 Bxc5 10. Nbd2 h6 11. a4 a5 12. Bb5 O-O 13. Nb3 Be7 14. Qd2 Ne4 15. Qe2 Bg4 16. h3 Bh5 17. g4 Bg6 18. Ne5 Nxe5 19. Bxe5 Bd6 20. Bxd6 Nxd6 21. Rfc1 Rfd8 22. Nd4 e5 23. Nf3 f6 24. Nh4 Bf7 25. Bd3 Nc4 26. Rab1 Nd6 27. b4 d4 28. bxa5 Qxa5 29. cxd4 exd4 30. exd4 Qxa4 31. Rd1 Re8 32. Qf3 Qa5 33. Nf5 Nxf5 34. Bxf5 Rc3 35. Qf4 Bd5 36. Bd3 Rxd3 37. Rxd3 Re1+ 38. Kh2 Rxb1 39. Qb8+ Kh7 40. Re3 Rh1+ 41. Kg3 Rg1+ 42. Kf4 Bf7 43. Qxb7 Qg5+ 44. Kf3 Bd5+ 0-1


[Site "https://www.chess.com"]